 Dungeon Crawl Stone Soup version 0.28-a0-1555-g9ae15a6949 (webtiles) character file.

Game seed: 14580193802313011229

2 bande the Shield-Bearer (level 1, -4/14 HPs)
             Began as a Gargoyle Fighter on Jan 19, 2022.
             Slain by a gnoll (7 damage)
             ... on level 1 of the Dungeon.
             The game lasted 00:00:18 (121 turns).

bande the Shield-Bearer (Gargoyle Fighter)           Turns: 121, Time: 00:00:19

Health: -4/14      AC:  9    Str: 19    XL:     1   Next: 30%
Magic:  1/1        EV:  9    Int:  8    God:
Gold:   0          SH:  4    Dex:  9    Spells: 0/0 levels left

rFire   . . .      SeeInvis .   a - +0 war axe
rCold   . . .      Faith    .   c - +0 buckler
rNeg    + . .      Spirit   .   b - +0 scale mail
rPois   ∞          Reflect  .   (no helmet)
rElec   +          Harm     .   (no cloak)
rCorr   .          Rampage  .   (no gloves)
Will    .....                   (no boots)
Stlth   ..........              (no amulet)
HPRegen 0.04/turn               (no ring)
MPRegen 0.07/turn               (no ring)

@: no status effects
A: sickness immunity, AC +2, negative energy resistance 1, electricity
resistance, torment resistance 1, petrification resistance
a: no special abilities


You were on level 1 of the Dungeon.
You visited 1 branch of the dungeon, and saw 1 of its levels.

Inventory:

Hand Weapons
 a - a +0 war axe (weapon)
Armour
 b - a +0 scale mail (worn)
 c - a +0 buckler (worn)
Scrolls
 e - a scroll of enchant armour {unknown}
Potions
 d - a potion of might
 f - a potion of curing {unknown}


   Skills:
 + Level 3.3 Fighting
 + Level 1.7 Axes
 + Level 3.3 Armour
 + Level 3.3 Shields


You couldn't memorise any spells.
You didn't know any spells.
Your spell library was empty.

Dungeon Overview and Level Annotations

Branches:
Dungeon (1/15)

Altars:


Innate Abilities, Weirdness & Mutations

You are immune to sickness and miasma.
Your stone body is resilient. (AC +2)
You are immune to poison.
You resist negative energy. (rN+)
You are resistant to electric shocks. (rElec)
You are resistant to unholy torment.
You are immune to petrification.


Message History

The bat hits you but does no damage. The gnoll hits you but does no damage.
Found 20 stones.
An endoplasm comes into view.
The gnoll barely misses you.
You see here a rat corpse.
The endoplasm quivers.
You slash the gnoll!
The gnoll is heavily wounded.
You hit the endoplasm. You block the bat's attack.
The gnoll hits you with a +0 spear. The endoplasm freezes you.
You are frozen.
The gnoll hits you with a +0 spear. The endoplasm misses you.
The bat hits you but does no damage. The gnoll barely misses you.
The endoplasm hits you but does no damage.
The bat barely misses you.
You completely miss the endoplasm.
The endoplasm is severely wounded.
The endoplasm freezes you.
You are frozen.
* * * LOW HITPOINT WARNING * * *
The gnoll barely misses you.
You hit the endoplasm.
You kill the endoplasm!
The bat barely misses you. The gnoll barely misses you.
The gnoll hits you but does no damage. The bat barely misses you.
You block the gnoll's attack. The bat closely misses you.
The gnoll closely misses you. The bat hits you.
* * * LOW HITPOINT WARNING * * *
The bat hits you but does no damage. You block the bat's attack.
The bat hits you but does no damage. The bat hits you but does no damage.
The bat completely misses you. The bat closely misses you.
The bat hits you but does no damage.
You miss the bat. The bat hits you but does no damage.
The bat barely misses you. The bat hits you but does no damage.
The bat hits you but does no damage.
The gnoll hits you from afar with a +0 spear!
Ouch! That really hurt!
You die...

... ..# #.(.#
#..#.##.#..#
#...J†g....#
....####.##..#
# ####g...#
#.J..####
#g#### #b# #@#
#.# #.# #.#
###.# #...#
#.### #.# #.#


You could see a gnoll, an endoplasm and a bat.

Vanquished Creatures
  An endoplasm (D:1)
  A rat (D:1)
2 creatures vanquished.

Notes
Turn   | Place    | Note
-------+----------+-------------------------------------------
     0 | D:1      | bande the Gargoyle Fighter began the quest for the Orb.
     0 | D:1      | Reached XP level 1. HP: 14/14 MP: 1/1
   121 | D:1      | Slain by a gnoll

Illustrated notes

Levels and vault maps discovered:
D:1:      dpeg_arrival_signposts, layout_loops_ring, minmay_small_reverse_x

Action                   || total
-------------------------++-------
Melee: War axe           ||     8
Armor: Scale mail        ||    15
Dodge: Dodged            ||    19
Block: Buckler           ||     3

Table legend: (Time is in decaauts)
 A = Elapsed time spent in this place.
 B = Non-inter-level travel time spent in this place.
 C = Inter-level travel time spent in this place.
 D = Time resting spent in this place.
 E = Time spent auto-exploring this place.
 F = Levels seen in this place.
 G = Mean time per level.
                   A        B        C        D        E       F      G
               +--------+--------+--------+--------+--------+-----+--------+
         Total |    124 |    124 |      0 |      0 |     97 |   1 |  124.0 |
       Dungeon |    124 |    124 |      0 |      0 |     97 |   1 |  124.0 |
               +--------+--------+--------+--------+--------+-----+--------+

Top non-repeatable levels by time:
     D:1: 124 daAuts
